 Dungeon Crawl Stone Soup version 0.31.0-11-ge490571c62 (webtiles) character file.

Game seed: 8295494536297842301

1712 ChadusMaximus the Summoner (level 9, -6/59 HPs)
             Began as a Human Summoner on Feb 9, 2024.
             Was an Initiate of Hepliaklqana.
             Shot with an arrow by a centaur (13 damage)
             ... on level 7 of the Dungeon.
             The game lasted 00:16:30 (6764 turns).

ChadusMaximus the Summoner (Human Summoner)         Turns: 6764, Time: 00:16:31

Health: -6/59      AC:  2    Str:  9    XL:     9   Next: 4%
Magic:  14/17      EV: 12    Int: 20    God:    Hepliaklqana [......]
Gold:   318        SH:  5    Dex: 13    Spells: 5/19 levels left

rFire   . . .        c - +0 sling
rCold   . . .        (no shield)
rNeg    . . .        a - +0 robe
rPois   .            k - melded +0 helmet
rElec   .            (cloak currently unavailable)
rCorr   .            (gloves currently unavailable)
SInv    .            (boots currently unavailable)
Will    .....        r - amulet of reflection
Stlth   ++           B - ring of wizardry
HPRegen 0.29/turn    (no ring)
MPRegen 0.15/turn

%: reflection, wizardry (x1)
@: beast-form, inugami summoned
A: beast (slay +0), explore regen
a: Begin Untransformation, Renounce Religion


You were on level 7 of the Dungeon.
You worshipped Hepliaklqana.
Hepliaklqana was noncommittal.
You were a hulking beast.
You visited 2 branches of the dungeon, and saw 8 of its levels.
You also visited: Sewer.

You collected 318 gold pieces.

Inventory:

Hand Weapons
 c - a +0 sling (weapon)
Armour
 a - a +0 robe (worn)
 k - a +0 helmet (melded)
Jewellery
 r - an amulet of reflection (around neck)
 B - a ring of wizardry (left hand)
Talismans
 s - a beast talisman (active)
Wands
 t - a wand of flame (17)
Scrolls
 e - 2 scrolls of enchant weapon
 h - 2 scrolls of amnesia
 j - 3 scrolls of fear
 l - a scroll of poison
 n - a scroll of brand weapon
 o - 2 scrolls of revelation
 p - a scroll of vulnerability {unknown}
 q - 2 scrolls of teleportation {unknown}
 v - 4 scrolls of identify
 w - 3 scrolls of blinking {unknown}
 y - a scroll of noise {unknown}
Potions
 b - 4 potions of magic
 d - 2 potions of degeneration {unknown}
 f - a potion of curing {unknown}
 g - 3 potions of invisibility {unknown}
 i - 4 potions of cancellation {unknown}
 m - a potion of attraction {unknown}
 u - a potion of brilliance {unknown}
 x - 3 potions of haste {unknown}
 z - a potion of heal wounds {unknown}
 A - a potion of lignification {unknown}
 C - a potion of enlightenment {unknown}


   Skills:
 - Level 1.3 Fighting
 - Level 2.3 Ranged Weapons
 - Level 2.0 Dodging
 - Level 2.0 Stealth
 + Level 5.8 Spellcasting
 * Level 9.8 Summonings


You had 5 spell levels left.
You knew the following spells:

 Your Spells              Type           Power      Damage    Failure   Level
a - Summon Small Mammal   Summ           100%       N/A       1%          1
b - Call Canine Familiar  Summ           45%        N/A       1%          3
c - Call Imp              Summ           90%        N/A       1%          2
d - Summon Blazeheart Go  Fire/Summ      25%        N/A       6%          4
e - Summon Lightning Spi  Summ/Air       25%        N/A       6%          4

Your spell library contained the following spells:

 Spells                   Type           Power      Damage    Failure   Level
 Apportation              Tloc           10%        N/A       4%          1
 Foxfire                  Conj/Fire      20%        2x1d5     4%          1
 Ensorcelled Hibernation  Hex/Ice        10%        N/A       6%          2
 Jinxbite                 Hex            10%        N/A       6%          2
 Static Discharge         Conj/Air       10%        3-4/arc   6%          2
 Fugue of the Fallen      Necr           5%         N/A       13%         3
 Airstrike                Air            2%         2d(1-17)  38%         4
 Anguish                  Hex/Necr       2%         N/A       38%         4
 Alistair's Intoxication  Alch           3%         N/A       71%         5
 Plasma Beam              Fire/Air       2%         2x1d12    99%         6
 Starburst                Conj/Fire      2%         6d3       99%         6


Dungeon Overview and Level Annotations

Branches:
Dungeon (7/15)             Temple (1/1) D:6           Sewer (visited)

Altars:
Ashenzari
Cheibriados
Dithmenos
Elyvilon
Fedhas
Gozag
Hepliaklqana
Makhleb
Nemelex Xobeh
Okawaru
Qazlal
Trog
Uskayaw
Wu Jian
Xom
Yredelemnul
Zin
The Shining One

Shops:
D:4 ?

Annotations:
D:3 4 runed translucent doors, CapUranus's ghost, amateur GrFi; Crazy Yiuf
D:4 3 runed translucent doors, lessens's ghost, weakling GnDe


Innate Abilities, Weirdness & Mutations

You are a hulking beast.
Your limbs bulge with bestial killing power. (Slay +0)
You regain HP and MP as you explore.


Message History

You shoot a sling bullet. The sling bullet hits the centaur.
The centaur is lightly wounded.
The centaur unwields a +0 morningstar.
The centaur wields a +0 orcbow.
The centaur shoots an arrow.
The arrow barely misses you.
A centaur is nearby!
You shoot a sling bullet.
The sling bullet hits the centaur but does no damage.
The centaur is lightly wounded.
The centaur shoots an arrow.
The arrow closely misses you.
The centaur shoots an arrow.
The arrow hits you!
Casting: Call Imp (safe; 1% risk of failure)
Confirm with . or Enter, or press ? or * to list all spells.
The centaur shoots an arrow.
The arrow misses your inugami. The arrow hits you!
* * * LOW HITPOINT WARNING * * *
The centaur shoots an arrow.
The arrow barely misses your inugami. The arrow hits you!
* * * LOW HITPOINT WARNING * * *
Casting: Summon Small Mammal (safe; 1% risk of failure)
Confirm with . or Enter, or press ? or * to list all spells.
An electric hum fills the air.
The centaur shoots an arrow.
The arrow barely misses your inugami. The arrow hits you.
* * * LOW HITPOINT WARNING * * *
The centaur shoots an arrow.
The arrow misses your inugami. The arrow hits your bat!
Your bat dies!
Your bat's corpse disappears in a puff of smoke!
Your inugami hits the centaur.
The centaur shoots an arrow.
The arrow hits your inugami! Something hits your inugami!
Something closely misses your inugami.
A centaur is nearby!
The centaur unwields a +0 morningstar.
The centaur wields a +0 orcbow.
The centaur shoots an arrow.
You block the arrow with an invisible shield... and reflect it back!
The arrow hits the centaur!
Casting: Summon Lightning Spire (dangerous; 6% risk of failure)
Confirm with . or Enter, or press ? or * to list all spells.
Your familiar is too far away to imbue with magic.
A centaur is nearby!
The centaur shoots an arrow.
The arrow hits you!
You die...

....c..## .....#c.##
....†##..#####
§....###..c..#
h....# #####.##
.....# #..### .....#
##...## $....#
#######..####.#
......
........h.....#
###########.###..#
#.#.............# .
#.......######..#
#.....<).........>.
#..############.####
#. .# ##


You could see a centaur.

Vanquished Creatures
  A centaur (D:7)
  2 howler monkeys
  3 bombardier beetles
  An orc priest (D:6)
  2 hounds (D:5)
  An iguana (D:5)
  A scorpion zombie (D:3)
  4 adders
  A shadow imp (D:6)
  An ufetubus (D:7)
  6 dart slugs
  8 orcs
  6 bats
  8 endoplasms
  3 giant cockroaches
  8 goblins
  2 hobgoblins (D:2)
  3 jackals
  5 quokkas
  6 ball pythons
  6 frilled lizards
  12 kobolds
  4 rats
94 creatures vanquished.

Vanquished Creatures (collateral kills)
  Sigmund (D:5)
  Menkaure (D:4)
  A sky beast (D:6)
  An ogre (D:6)
  A phantom (D:6)
  5 wights (D:6)
  A howler monkey (D:6)
  A jelly (D:6)
  An orc priest (D:6)
  2 hounds
  A gnoll bouda (D:6)
  2 iguanas
  2 orc wizards
  2 adders
  2 white imps (D:6)
  An ufetubus (D:7)
  An adder zombie (D:3)
  6 orcs
  4 endoplasms
  2 giant cockroaches
  2 goblins
  3 hobgoblins
  A jackal (D:4)
  3 quokkas
  2 ball pythons
  A bat (Sewer)
  12 kobolds
  A rat (Sewer)
63 creatures vanquished.

Grand Total: 157 creatures vanquished

Notes
Turn   | Place    | Note
-------+----------+-------------------------------------------
     0 | D:1      | ChadusMaximus the Human Summoner began the quest for the
                  | Orb.
     0 | D:1      | Reached XP level 1. HP: 13/13 MP: 3/3
   120 | D:1      | Reached XP level 2. HP: 7/19 MP: 1/5
   592 | D:1      | Reached XP level 3. HP: 25/25 MP: 6/6
   657 | D:1      | Reached skill level 1 in Ranged Weapons
  1602 | D:2      | Reached skill level 1 in Fighting
  1805 | D:3      | Reached XP level 4. HP: 32/32 MP: 7/7
  1820 | D:3      | Learned a level 3 spell: Call Canine Familiar
  1823 | D:3      | Learned a level 2 spell: Call Imp
  2088 | D:3      | Found a glowing golden altar of the Shining One.
  2119 | D:3      | Found a white marble altar of Elyvilon.
  2123 | D:3      | Found a blossoming altar of Fedhas.
  2244 | D:3      | Found a runed translucent door.
  2245 | D:3      | Noticed Crazy Yiuf
  2322 | D:3      | Reached skill level 5 in Summonings
  2322 | D:3      | Reached XP level 5. HP: 37/37 MP: 8/8
  2550 | D:3      | Found a runed translucent gate.
  2550 | D:3      | Found a runed translucent gate.
  2550 | D:3      | Found a runed translucent gate.
  2550 | D:3      | Noticed CapUranus's ghost (amateur GrFi)
  2552 | D:3      | Found a basalt altar of Yredelemnul.
  2904 | D:4      | Found a snail-covered altar of Cheibriados.
  2915 | D:4      | Found Zeexef's Magic Scroll Boutique.
  2918 | D:4      | Noticed Menkaure
  2926 | D:4      | Killed Menkaure
  2927 | D:4      | Reached skill level 6 in Summonings
  2927 | D:4      | Reached XP level 6. HP: 14/43 MP: 6/10
  2964 | D:4      | Found a glowing drain.
  2977 | Sewer    | Entered a sewer
  3517 | D:4      | Reached XP level 7. HP: 27/48 MP: 9/12
  3713 | D:4      | Found a runed translucent gate.
  3714 | D:4      | Found a runed translucent gate.
  3715 | D:4      | Found a runed translucent gate.
  3715 | D:4      | Noticed a hornet
  3716 | D:4      | Noticed lessens's ghost (weakling GnDe)
  3805 | D:5      | Entered Level 5 of the Dungeon
  3818 | D:5      | Reached skill level 7 in Summonings
  3990 | D:5      | Learned a level 4 spell: Summon Blazeheart Golem
  4464 | D:5      | Noticed Sigmund
  4482 | D:5      | Killed Sigmund
  4819 | D:5      | Reached XP level 8. HP: 47/54 MP: 10/14
  5047 | D:6      | Reached skill level 8 in Summonings
  5388 | D:6      | Reached skill level 5 in Spellcasting
  6025 | D:6      | Reached skill level 9 in Summonings
  6448 | D:6      | Found a staircase to the Ecumenical Temple.
  6488 | D:6      | Learned a level 4 spell: Summon Lightning Spire
  6523 | Temple   | Entered the Ecumenical Temple
  6538 | Temple   | Became a worshipper of Hepliaklqana the Forgotten
  6592 | D:7      | Reached XP level 9. HP: 36/59 MP: 12/17
  6764 | D:7      | Shot with an arrow by a centaur

Illustrated notes

Levels and vault maps discovered:
D:1:      ncdulo_wetmaze, layout_basic, minmay_misc_feat_chi, hex_tiny
D:2:      layout_basic
D:3:      layout_rooms, nicolae_yredelemnul_ghost_church, tso_oasis_becter,
          chequers_temple_overflow_statue_of_worship, minmay_circle_x,
          uniq_crazy_yiuf_cottage
D:4:      layout_basic, kennysheep_slug_shrine, chequers_ossuary_entry_cave,
          serial_shops, shop, gammafunk_ghost_split, portal_sewer_entry_d,
          uniq_menkaure
D:5:      layout_cave_pods, uniq_sigmund
D:6:      layout_rooms, minmay_temple_entry_fiery, hangedman_decor_points,
          minmay_misc_feat_enclosed, minmay_diced_spiral
D:7:      layout_basic, grunt_temple_overflow_magic_moments, minmay_microvault
Temple:   nicolae_temple_god_jail

Skill      XL: |  1  2  3  4  5  6  7  8 |
---------------+-------------------------+-----
Ranged Weapons | 1 2 |  2.3
Fighting       | 1 |  1.3
Summonings     | 5 6 7 9 |  9.8
Spellcasting   | 3 4 5 |  5.8
Dodging        | |  2.0
Stealth        | |  2.0

Action                     |  1- 3 |  4- 6 |  7- 9 || total
---------------------------+-------+-------+-------++-------
  Melee: Unarmed           |     5 |       |       ||     5
   Fire: Sling             |   103 |   173 |   220 ||   496
   Cast: Summon Small Mamm |    22 |     7 |    15 ||    44
         Call Canine Famil |       |    11 |    16 ||    27
         Call Imp          |       |     5 |    13 ||    18
         Summon Blazeheart |       |       |     4 ||     4
         Summon Lightning  |       |       |     1 ||     1
    Use: Scroll            |       |     6 |       ||     6
 Armour: Robe              |    33 |    55 |   103 ||   191
  Dodge: Dodged            |    27 |    77 |    85 ||   189
  Block: Other             |       |    19 |    34 ||    53
         Reflection        |       |       |     2 ||     2
   Form: Beast             |       |     1 |       ||     1
